 Dungeon Crawl Stone Soup version 0.17-a0-1946-gfb768fe (webtiles) character file.

11132 shakdrar the Basher (level 11, -1/72 HPs)
             Began as a Gargoyle Berserker on Oct 1, 2015.
             Was an Elder of Trog.
             Killed from afar by an ice statue (21 damage)
             ... with a shard of ice
             ... in an ice cave.
             The game lasted 00:47:36 (10250 turns).

shakdrar the Basher (Gargoyle Berserker)           Turns: 10250, Time: 00:47:36

Health: -1/72      AC: 25    Str: 23    XL:     11   Next: 73%
Magic:  11/11      EV: 11    Int:  9    God:    Trog [****..]
Gold:   693        SH:  5    Dex:  9    Spells: 0 memorised, 10 levels left

rFire  . . .     SeeInvis .     z - +3 morningstar (flame)
rCold  + + .     Clarity  .     h - +0 ring mail
rNeg   + . .     SustAt   .     o - +0 buckler
rPois  ∞         Gourm    .     d - +2 helmet
rElec  +         Spirit   .     J - +0 cloak {MR+}
rCorr  +         Warding  .     H - +2 pair of gloves
rMut   .         Stasis   .     i - +1 pair of boots "Zoblovva" {rElec}
MR     +....                    (no amulet)
Stlth  ..........               (no ring)
                                g - ring of ice

@: resistant, somewhat resistant to hostile enchantments, extremely unstealthy
A: negative energy resistance 1, electricity resistance, unbreathing,
petrification resistance, rot immunity, AC +7
a: Burn Spellbooks, Berserk, Trog's Hand, Brothers in Arms, Renounce Religion


You were in an ice cave.
You worshipped Trog.
Trog was greatly pleased with you.
You were hungry.

You visited 2 branches of the dungeon, and saw 11 of its levels.
You also visited: Ice Cave.

You collected 693 gold pieces.

Inventory:

Hand weapons
 p - a +0 blowgun
 z - a +3 morningstar of flaming (weapon)
 I - a +2 whip of distortion
Missiles
 r - 56 poisoned needles
 C - a throwing net (quivered)
 F - 2 curare-tipped needles
Armour
 d - a +2 helmet (worn)
 h - a +0 ring mail (worn)
 i - the +1 pair of boots "Zoblovva" (worn) {rElec}
   (You found it on level 4 of the Dungeon)

   It insulates you from electricity.
 o - a +0 buckler (worn)
 H - a +2 pair of gloves (worn)
 J - a +0 cloak of magic resistance (worn)
Jewellery
 g - a ring of ice (left hand)
 k - a +2 ring of intelligence
 n - an uncursed ring of poison resistance
 q - an uncursed amulet of stasis
 s - an uncursed ring of teleportation
 K - an uncursed ring of wizardry
Magical devices
 l - a wand of frost (10)
 x - a wand of confusion (23)
 y - a wand of polymorph (13)
 B - a wand of magic darts (20)
 D - a wand of frost (19)
Scrolls
 f - a scroll of identify
 w - 2 scrolls of enchant armour
 E - 2 scrolls of recharging
 N - a scroll of holy word
Potions
 e - 10 potions of curing
 j - 2 potions of haste
 m - a potion of ambrosia
 v - a potion of might
 G - a potion of cancellation
 M - a potion of mutation
 O - a potion of magic
 P - 2 potions of lignification
Books
 a - Sif Muna's Volume of Enhancements
   (You found it on level 9 of the Dungeon)

   Spells                             Type                      Level
   a - Infusion                       Charms                       1
   Trog disapproves of the use of such an item.
 t - Kikubaaqudgha's Grimoire of Dark Rites
   (You found it on level 9 of the Dungeon)

   Spells                             Type                      Level
   a - Animate Skeleton               Necromancy                   1
   Trog disapproves of the use of such an item.
 L - Vehumet's Papyrus of Confrontation
   (You found it on level 9 of the Dungeon)

   Spells                             Type                      Level
   a - Magic Dart                     Conjuration                  1
   Trog disapproves of the use of such an item.
Comestibles
 b - 3 meat rations
 c - 2 bread rations
 u - 14 fruits


   Skills:
 + Level 10.1 Fighting
 * Level 12.1 Maces & Flails
 + Level 9.7 Armour
 - Level 2.1 Dodging
 - Level 6.5 Shields


You had 10 spell levels left.
You didn't know any spells.

Dungeon Overview and Level Annotations

Branches:
Dungeon (10/15)            Temple (0/1) D:4            Lair (1/8) D:8
    Orc (0/4) D:10

Altars:
Cheibriados
Dithmenos
Gozag
Kikubaaqudgha
Makhleb
Okawaru
Sif Muna
Vehumet
Yredelemnul
The Shining One

Portals:
Trove: D:10 (lose all piety)

Annotations:
D:2 Sigmund
D:4 Grinder
Abyss:1 Psyche IceCv exclusion: ice statue


Innate Abilities, Weirdness & Mutations

You are resistant to torment.
Your stone body is resilient (AC +7).
You are immune to poison.
You resist negative energy.
You are resistant to electric shocks.
You can survive without breathing.
You are immune to petrification.
You are immune to rotting.


Message History

The ice statue throws cold at you. The freezing blast misses you.
You puncture the ice statue!
You melt the ice statue!
The ice statue is heavily damaged.
You are engulfed in freezing vapours.
You resist.
* * * LOW HITPOINT WARNING * * *
The ice beast completely misses you.
You hit the ice statue but do no damage.
The ice statue is heavily damaged.
You are engulfed in freezing vapours.
You resist.
* * * LOW HITPOINT WARNING * * *
The ice beast hits you but does no damage.
The ice statue throws cold at you. The freezing blast misses you.
You hit the ice statue but do no damage.
The ice statue is heavily damaged.
The ice beast hits you but does no damage.
The ice statue throws ice at you. The shard of ice hits you!
You partially resist.
You die...

#.(.....(.#
#####.#####
#.........#
#.........#
#.........#
#.§§.§.§.§#
#.§§.§.§§.#
##§.§.§§§##
##§@Y§§##
###8###
§Y..
.§.§..#
........#
.........#
#.........#
#(.......[#


You could see an ice statue and 2 ice beasts.

Vanquished Creatures
  The ghost of Alipheese the Carver, an experienced NaBe of Trog (D:7)
  2 hill giants (D:10)
  2 ice statues (IceCv)
  An oklob plant (Lair:1)
  The ghost of asdu the Cleaver, an experienced MiBe of Trog (D:8)
  A fire drake (Lair:1)
  A komodo dragon (D:8)
  2 trolls
  8 yaks
  A hill giant zombie (D:10)
  2 hungry ghosts
  A basilisk (Lair:1)
  2 hippogriffs
  2 orc warriors
  3 phantoms
  A black bear (D:6)
  9 centaurs
  8 ice beasts
  A necrophage (D:9)
  2 sky beasts
  A crocodile (D:8)
  7 giant frogs
  4 ogres
  A big kobold (D:7)
  Blork the orc (D:6)
  A wyvern zombie (D:9)
  A troll zombie (D:10)
  A scorpion (D:10)
  4 killer bees (D:8)
  3 centaur zombies
  7 hounds
  A giant frog zombie (D:10)
  2 jellies
  3 orc wizards
  5 crimson imps
  A giant frog skeleton (D:9)
  Ijyb (D:2)
  A quasit (D:6)
  3 iguanas
  8 worker ants
  6 ogre zombies (D:10)
  A worker ant zombie (D:8)
  Robin (D:3)
  3 gnolls (D:7)
  8 adders
  2 shadow imps
  An adder skeleton (D:10)
  A worm (D:3)
  8 giant geckos
  18 orcs
  16 bats
  5 giant cockroaches
  14 goblins
  13 hobgoblins
  19 jackals
  5 quokkas
  2 ball pythons
  2 giant gecko skeletons (D:5)
  3 giant newts
  A goblin skeleton (D:10)
  A goblin zombie (D:10)
  A hobgoblin zombie (D:10)
  5 kobolds
  3 orc skeletons (D:10)
  19 orc zombies (D:10)
  A quokka zombie (D:5)
  11 rats
  A plant (D:8)
278 creatures vanquished.

Notes
Turn   | Place    | Note
--------------------------------------------------------------
     0 | D:1      | shakdrar the Gargoyle Berserker began the quest for the Orb.
     0 | D:1      | Reached XP level 1. HP: 14/14 MP: 1/1
   167 | D:1      | Reached XP level 2. HP: 16/19 MP: 2/2
   650 | D:1      | Reached XP level 3. HP: 21/23 MP: 3/3
   777 | D:1      | Acquired Trog's second power
   945 | D:2      | Noticed Ijyb
   960 | D:2      | Killed Ijyb
   960 | D:2      | Reached XP level 4. HP: 29/29 MP: 4/4
  1038 | D:2      | Noticed Sigmund
  1262 | D:2      | Reached skill level 4 in Maces & Flails
  1341 | D:3      | Noticed Robin
  1372 | D:3      | Killed Robin
  1667 | D:3      | Found a snail-covered altar of Cheibriados.
  1748 | D:3      | Reached XP level 5. HP: 29/33 MP: 5/5
  1995 | D:3      | Found an iron altar of Okawaru.
  2015 | D:3      | Found a burning altar of Makhleb.
  2347 | D:4      | Noticed Grinder
  2350 | D:5      | Entered Level 5 of the Dungeon
  2379 | D:4      | Found a staircase to the Ecumenical Temple.
  2388 | D:4      | Got a pair of faintly humming boots
  2399 | D:4      | Identified the +1 pair of boots "Zoblovva" {rElec} (You found it on level 4 of the Dungeon)
  2623 | D:4      | Reached skill level 1 in Shields
  2780 | D:3      | Reached XP level 6. HP: 13/39 MP: 6/6
  3213 | D:5      | Noticed a centaur
  3228 | D:5      | Killed a centaur
  3228 | D:5      | Reached skill level 5 in Maces & Flails
  3810 | D:5      | Reached XP level 7. HP: 44/44 MP: 7/7
  3953 | D:5      | Acquired Trog's third power
  4034 | D:5      | Reached skill level 5 in Fighting
  4047 | D:5      | Noticed a sky beast
  4055 | D:5      | Killed a sky beast
  4565 | D:6      | Reached skill level 6 in Maces & Flails
  4565 | D:6      | Reached XP level 8. HP: 43/50 MP: 8/8
  4640 | D:6      | Reached skill level 5 in Armour
  4815 | D:6      | Noticed Blork the orc
  4838 | D:6      | Killed Blork the orc
  4883 | D:6      | Found a shadowy altar of Dithmenos.
  5132 | D:7      | Found a basalt altar of Yredelemnul.
  5273 | D:7      | Received a gift from Trog
  5281 | D:7      | Reached skill level 7 in Maces & Flails
  5418 | D:7      | Noticed Alipheese's ghost (experienced NaBe)
  5456 | D:7      | Killed Alipheese's ghost
  5456 | D:7      | Reached skill level 5 in Shields
  5456 | D:7      | Reached XP level 9. HP: 44/56 MP: 9/9
  5881 | D:7      | Reached skill level 8 in Maces & Flails
  6129 | D:8      | Noticed asdu's ghost (experienced MiBe)
  6156 | D:8      | Killed asdu's ghost
  6597 | D:8      | Found an opulent altar of Gozag.
  6911 | D:8      | Reached skill level 9 in Maces & Flails
  6939 | D:8      | Reached XP level 10. HP: 59/64 MP: 10/10
  7003 | D:8      | Found a staircase to the Lair.
  7004 | D:8      | Noticed a komodo dragon
  7065 | D:8      | Killed a komodo dragon
  7337 | D:9      | Found a radiant altar of Vehumet.
  7339 | D:9      | Found a deep blue altar of Sif Muna.
  7339 | D:9      | Found an ancient bone altar of Kikubaaqudgha.
  7348 | D:9      | Identified Sif Muna's Volume of Enhancements
  7357 | D:9      | Identified Kikubaaqudgha's Grimoire of Dark Rites
  7366 | D:9      | Found a glowing golden altar of the Shining One.
  7523 | D:9      | Noticed Psyche
  7562 | D:9      | Banished Psyche
  7724 | D:9      | Reached skill level 10 in Maces & Flails
  7784 | D:9      | Identified Vehumet's Papyrus of Confrontation
  8296 | D:10     | Entered Level 10 of the Dungeon
  8473 | D:10     | Found a portal to a secret trove of treasure.
  8567 | D:10     | Noticed a hill giant
  8666 | D:10     | Killed a hill giant
  8903 | D:10     | Found a staircase to the Orcish Mines.
  8965 | D:10     | Reached XP level 11. HP: 64/71 MP: 11/11
  8970 | D:10     | Noticed a hill giant
  8977 | D:10     | Killed a hill giant
  8977 | D:10     | Reached skill level 11 in Maces & Flails
  9538 | Lair:1   | Entered Level 1 of the Lair of Beasts
 10121 | Lair:1   | Found a frozen archway.
 10129 | IceCv    | Entered an ice cave
 10154 | IceCv    | Reached skill level 10 in Fighting
 10188 | IceCv    | Noticed an ice statue
 10188 | IceCv    | Noticed an ice statue
 10189 | IceCv    | Noticed an ice statue
 10206 | IceCv    | Killed an ice statue
 10206 | IceCv    | Reached skill level 12 in Maces & Flails
 10226 | IceCv    | Killed an ice statue
 10250 | IceCv    | Killed from afar by an ice statue

Vault maps used:
D:1:      dpeg_arrival_ratfight
D:2:      uniq_terence, uniq_sigmund, uniq_iyjb
D:3:      lemuel_crystal_altar, cheibriados_altar_1,
          lemuel_coloured_pillars_altar, uniq_robin
D:4:      gammafunk_temple_overflow_elements, minmay_temple_entry_trees,
          first_bread, dk_vineyard_3, minivault_4, uniq_grinder
D:6:      nicolae_overflow_hidden_temple, basic_altar, uniq_blork_the_orc
D:7:      yredelemnul_altar_generic
D:8:      grunt_gozag_statues, david_lair_shrubbed
D:9:      grunt_temple_overflow_magic_moments, old_standard_altar,
          grunt_ministairs_5, uniq_psyche
D:10:     zombieorc2_lemuel, enter_trove_3
Lair:1:   portal_ice_cave_entry_pillars_03, dpeg_stationary_puzzle,
          serial_bayou_shore_b
IceCv:    ice_cave_statue_garden_02

Action                   |  1- 3 |  4- 6 |  7- 9 | 10-12 || total
-------------------------+-------+-------+-------+-------++-------
Melee: Mace              |   101 |   335 |    45 |       ||   481
       Flail             |       |       |   296 |       ||   296
       Morningstar       |       |       |       |   378 ||   378
       Whip              |       |       |       |    30 ||    30
Throw: Throwing net      |       |       |       |     1 ||     1
Invok: Berserk           |     1 |       |     5 |     2 ||     8
       Trog's Hand       |       |     1 |     4 |     9 ||    14
Evoke: Wand              |       |       |     3 |       ||     3
  Use: Scroll            |     4 |     4 |    10 |     7 ||    25
       Potion            |       |       |       |     2 ||     2
  Eat: Meat ration       |       |     1 |       |       ||     1
       Chunk             |       |     6 |    12 |    16 ||    34
       Fruit             |       |       |     2 |       ||     2
       Beef jerky        |       |       |     1 |     2 ||     3
